 Dungeon Crawl Stone Soup version 0.19-a0-607-g42021f0 (webtiles) character file.

622 mmcf the Chopper (level 7, -3/62 HPs)
             Began as a Minotaur Fighter on June 12, 2016.
             Slain by a wyvern (6 damage)
             ... on level 8 of the Dungeon.
             The game lasted 00:07:21 (3455 turns).

mmcf the Chopper (Minotaur Fighter)                 Turns: 3455, Time: 00:07:21

Health: -3/62      AC:  7    Str: 22    XL:     7   Next: 22%
Magic:  6/6        EV: 14    Int:  5    God:
Gold:   164        SH:  0    Dex: 10    Spells: 0 memorised, 6 levels left

rFire  . . .     SeeInvis .     a - +0 war axe
rCold  . . .     Gourm    .     t - +0 ring mail (curse)
rNeg   . . .     Faith    .     (no shield)
rPois  .         Spirit   .     (helmet restricted)
rElec  .         Dismiss  .     (no cloak)
rCorr  .         Reflect  .     (no gloves)
SustAt .         Harm     .     m - +0 pair of boots
MR     .....                    (no amulet)
Stlth  ..........               (no ring)
                                o - +2 ring of evasion

@: not resistant to hostile enchantments, extremely unstealthy
A: retaliatory headbutt, horns 2, talons 1
a: no special abilities


You were on level 8 of the Dungeon.
You were not hungry.

You visited 1 branch of the dungeon, and saw 6 of its levels.

You collected 164 gold pieces.

Inventory:

Hand Weapons
 a - a +0 war axe (weapon)
Missiles
 r - 16 poisoned needles
 y - a throwing net (quivered)
Armour
 b - a +0 scale mail
 c - a +0 shield
 m - a +0 pair of boots (worn)
 t - a cursed +0 ring mail (worn)
Jewellery
 j - an uncursed ring of ice
 o - a +2 ring of evasion (left hand)
 w - an uncursed ring of see invisible {unknown}
Scrolls
 g - a scroll of fog {unknown}
 i - a scroll of noise {unknown}
 k - a scroll of recharging {unknown}
 l - 2 scrolls of amnesia
 n - a scroll of fear
 p - 2 scrolls of teleportation {unknown}
 s - a scroll of immolation {unknown}
Potions
 d - a potion of might
 e - a potion of curing
 h - a potion of mutation
Books
 q - a book of Air

   Spells                             Type                      Level
   a - Shock                          Conjuration/Air              1
   b - Swiftness                      Charms/Air                   2
   c - Repel Missiles                 Charms/Air                   2
   d - Static Discharge               Conjuration/Air              3
   e - Lightning Bolt                 Conjuration/Air              5
Comestibles
 f - 2 bread rations
 u - 3 fruits
 v - a meat ration


   Skills:
 + Level 5.9 Fighting
 * Level 6.8 Axes
 + Level 4.7 Armour
 - Level 3.3 Dodging
 - Level 3.6 Shields


You had 6 spell levels left.
You didn't know any spells.

Dungeon Overview and Level Annotations

Branches:
Dungeon (8/15)
 Temple: D:4-7         Lair: D:8-11

Altars:

Annotations:
D:4 Yermak's ghost, amateur DDAs


Innate Abilities, Weirdness & Mutations

You reflexively headbutt those who attack you in melee.
You have a pair of horns on your head.
You have sharp toenails.


Message History

You kill the water moccasin!
You start resting.
You feel sick. x4
You are no longer poisoned.
You start resting.
A wyvern comes into view.
The wyvern bites you!
* * * LOW HITPOINT WARNING * * *
You slash the wyvern! Your headbutt misses the wyvern.
The wyvern is heavily wounded.
The wyvern barely misses you.
You closely miss the wyvern. Your headbutt misses the wyvern.
The wyvern is heavily wounded.
The wyvern misses you. You furiously retaliate!
You headbutt the wyvern. The wyvern bites you!
* * * LOW HITPOINT WARNING * * *
You feel better. The wyvern bites you!
* * * LOW HITPOINT WARNING * * *
The wyvern bites you.
You die...

##############
#..>..<.....l.
.#......l######
........@+
.#.......#
.........#
.........+
..........
.........+.
............
.......... ..
.........#.##.


You could see a wyvern.

Vanquished Creatures
  A water moccasin (D:8)
  An ogre (D:7)
  A big kobold (D:7)
  A killer bee (D:7)
  A hound (D:7)
  A giant frog zombie (D:3)
  Ijyb (D:3)
  Natasha (twice) (D:3)
  7 gnolls
  2 adders (D:3)
  An ooze (D:3)
  3 worms
  3 dart slugs
  3 giant geckos
  An orc (D:3)
  10 bats
  6 giant cockroaches
  3 hobgoblins
  10 jackals
  2 quokkas
  A ball python (D:1)
  2 giant newts
  6 goblins
  A jackal skeleton (D:3)
  13 kobolds
  7 rats
90 creatures vanquished.

Notes
Turn   | Place    | Note
--------------------------------------------------------------
     0 | D:1      | mmcf the Minotaur Fighter began the quest for the Orb.
     0 | D:1      | Reached XP level 1. HP: 19/19 MP: 0/0
   130 | D:2      | Reached skill level 1 in Dodging
   130 | D:2      | Reached XP level 2. HP: 24/27 MP: 1/1
   720 | D:2      | Reached skill level 3 in Axes
   720 | D:2      | Reached XP level 3. HP: 31/33 MP: 2/2
   751 | D:3      | Reached XP level 4. HP: 18/41 MP: 3/3
  1621 | D:3      | Reached skill level 4 in Axes
  1750 | D:4      | Noticed Yermak's ghost (amateur DDAs)
  2109 | D:3      | Reached XP level 5. HP: 47/47 MP: 4/4
  2113 | D:3      | Noticed Natasha
  2120 | D:3      | Killed Natasha
  2432 | D:3      | Noticed Ijyb
  2436 | D:3      | Killed Ijyb
  2436 | D:3      | Reached skill level 5 in Axes
  2598 | D:3      | Noticed Natasha
  2603 | D:3      | Killed Natasha
  2603 | D:3      | Reached skill level 5 in Fighting
  2850 | D:3      | Gained mutation: You have sharp toenails. [potion of beneficial mutation]
  2872 | D:4      | You fall through a shaft for 3 floors!
  2896 | D:7      | Noticed an ogre
  2944 | D:7      | Killed an ogre
  2944 | D:7      | Reached XP level 6. HP: 56/56 MP: 5/5
  3055 | D:7      | Reached skill level 6 in Axes
  3322 | D:7      | Noticed a water moccasin
  3333 | D:7      | Reached XP level 7. HP: 39/61 MP: 6/6
  3448 | D:8      | Noticed a wyvern
  3454 | D:8      | HP: 1/62 [wyvern (12)]
  3455 | D:8      | Slain by a wyvern

Vault maps used:
D:1:      lightli_arrival_statuegarden
D:2:      grunt_ministairs_10
D:3:      uniq_iyjb, uniq_natasha
D:4:      minmay_opposing_rooms, serial_shops, nicolae_shop_window_shopping,
          first_bread, uniq_edmund
D:7:      minmay_temple_entry_glass
D:8:      kennysheep_big_flooded_room, marbit_many_paths, minivault_26

Skill      XL: |  1  2  3  4  5  6 |
---------------+-------------------+-----
Dodging        | 1 2 3 |  3.3
Fighting       | 4 5 |  5.9
Axes           | 3 4 5 6 |  6.8
Armour         | 4 |  4.7
Shields        | |  3.6

Action                   |  1- 3 |  4- 6 |  7- 9 || total
-------------------------+-------+-------+-------++-------
Melee: War axe           |    50 |   148 |     8 ||   206
       Headbutt          |     5 |    23 |     2 ||    30
  Use: Scroll            |       |     5 |       ||     5
       Potion            |       |     1 |     1 ||     2
  Eat: Chunk             |       |     8 |       ||     8
Armor: Scale mail        |    27 |    41 |       ||    68
       Ring mail         |       |    20 |     4 ||    24
Dodge: Dodged            |    47 |   113 |    11 ||   171
